AoeStats
← Jack

Black Forest

507961797Analyzed
4v4 RM · 13d ago on Sep 20, 2026· 54m 6s· 8 players
Game mode
Random Map
Map size
Large (8 player)
Population
200
Speed
Normal
Resources
Standard
Victory
Conquest
Starting age
Dark Age
Ending age
Imperial Age
RankedLock teamsTeams togetherTeam positionsShared explorationLock speedFull tech treeHidden civsTurbo modeCheats
Victory
Defeat
🇧🇷 Franks · Brazil
767
+11
🇫🇷 Chinese · France
750
+12
🇬🇧 Celts · United Kingdom
741
+12
🇧🇷 Turks · Brazil
709
+13
🇹🇷 Britons · Türkiye
728
-15
🇫🇷 Magyars · France
727
-15
🇮🇹 Goths · Italy
632
-11
🇨🇳 Wu · China
519
-7
刺猬
0:30 Loom
14:23 Feudal Age
14:55 Double-Bit Axe
14:56 Horse Collar
22:25 Castle Age
21:56 Stone Mining
22:01 Gold Mining
23:20 Bow Saw
23:19 Heavy Plow
24:43 Fervor
26:41 Wheelbarrow
26:10 Treadmill Crane
28:57 Stone Shaft Mining
30:03 Gold Shaft Mining
30:28 Ballistics
33:09 Murder Holes
34:17 Caravan
38:17 Imperial Age
36:04 Arson
36:22 Squires
36:16 Fletching
36:27 Padded Archer Armor
37:08 Bodkin Arrow
37:24 Forging
37:17 Scale Mail Armor
37:24 Scale Barding Armor
38:12 Hand Cart
40:02 Chemistry
39:04 Red Cliffs Tactics
39:06 Sitting Tiger
39:35 Bracer
40:11 Iron Casting
39:53 Leather Archer Armor
40:38 Conscription
40:08 Elite Fire Archer
41:40 Elite Fire Archer
42:37 Elite Fire Archer
48:02 Masonry
glubix44
0:29 Loom
12:11 Feudal Age
13:41 Wheelbarrow
13:19 Double-Bit Axe
13:17 Horse Collar
23:48 Castle Age
21:45 Gold Mining
21:56 Stone Mining
25:19 Heavy Plow
25:32 Bow Saw
26:16 Gold Shaft Mining
32:01 Corvinian Army
33:43 Caravan
33:50 Scale Mail Armor
33:56 Scale Barding Armor
37:24 Imperial Age
35:17 Hand Cart
36:17 Ballistics
35:53 Murder Holes
37:27 Chain Mail Armor
37:33 Chain Barding Armor
39:00 Crop Rotation
39:35 Two-Man Saw
41:05 Plate Barding Armor
41:50 Pikeman
42:18 Elite Magyar Huszar
45:16 Halberdier
emlik68lim
2:39 Loom
12:51 Feudal Age
14:23 Double-Bit Axe
15:19 Wheelbarrow
14:48 Horse Collar
21:46 Castle Age
19:59 Stone Mining
19:59 Gold Mining
20:05 Gold Mining
22:49 Bow Saw
23:50 Heavy Plow
24:40 Caravan
27:19 Hand Cart
26:50 Town Watch
28:41 Town Patrol
31:37 Gold Shaft Mining
32:42 Fletching
36:27 Imperial Age
34:56 Ballistics
34:47 Fortified Wall
34:32 Murder Holes
34:20 Treadmill Crane
35:24 Pikeman
36:04 Squires
35:51 Arson
36:05 Bodkin Arrow
36:11 Padded Archer Armor
37:40 Conscription
37:47 Yeomen
36:58 Halberdier
39:34 Chemistry
38:53 Bracer
39:22 Scale Mail Armor
39:34 Forging
39:51 Elite Longbowman
40:08 Elite Skirmisher
40:54 Onager
44:47 Two-Man Saw
psycho93
0:33 Loom
14:37 Feudal Age
15:32 Double-Bit Axe
16:26 Wheelbarrow
16:32 Horse Collar
18:11 Fishing Lines
19:33 Gold Mining
19:33 Stone Mining
23:14 Castle Age
24:55 Town Watch
25:23 Caravan
25:35 Forging
25:26 Scale Mail Armor
25:31 Gillnets
25:59 Bow Saw
28:12 Hand Cart
31:10 Imperial Age
29:51 Stone Shaft Mining
29:18 Heavy Plow
29:53 Anarchy
32:00 Iron Casting
31:40 Chain Mail Armor
31:48 Squires
31:09 Pikeman
31:13 Man-at-Arms
33:44 Blast Furnace
32:35 Fletching
32:45 Padded Archer Armor
33:53 Two-Man Saw
33:26 Crop Rotation
35:04 Chemistry
34:02 Murder Holes
33:31 Halberdier
34:56 Long Swordsman
35:43 Perfusion
36:05 Conscription
36:39 Ballistics
36:33 Masonry
36:39 Scale Barding Armor
36:50 Leather Archer Armor
36:30 Bodkin Arrow
38:43 Town Patrol
39:01 Bracer
39:26 Chain Barding Armor
39:00 Elite Huskarl
Henri André
0:27 Loom
12:06 Feudal Age
18:29 Castle Age
16:54 Double-Bit Axe
17:07 Horse Collar
20:22 Wheelbarrow
20:35 Bow Saw
21:24 Heavy Plow
27:05 Caravan
27:21 Gold Mining
27:24 Stone Mining
31:43 Imperial Age
30:17 Hand Cart
30:08 Padded Archer Armor
31:06 Ballistics
31:22 Thumb Ring
32:53 Leather Archer Armor
32:28 Fletching
33:33 Conscription
32:57 Heavy Scorpion
35:19 Elite Chu Ko Nu
38:22 Chemistry
37:55 Ring Archer Armor
37:20 Bodkin Arrow
47:15 Two-Man Saw
49:48 Rocketry
Jack
1:05 Loom
12:50 Feudal Age
14:30 Double-Bit Axe
18:54 Horse Collar
22:25 Castle Age
20:34 Man-at-Arms
21:35 Forging
21:26 Scale Mail Armor
21:18 Fletching
21:28 Padded Archer Armor
21:44 Gold Mining
21:47 Stone Mining
24:37 Bodkin Arrow
25:17 Iron Casting
28:06 Stone Shaft Mining
28:08 Gold Shaft Mining
28:14 Padded Archer Armor
27:37 Elite Skirmisher
29:56 Bow Saw
29:47 Heavy Plow
31:29 Fortified Wall
30:46 Pikeman
31:48 Scale Barding Armor
32:58 Ballistics
32:34 Murder Holes
32:51 Masonry
33:39 Wheelbarrow
33:44 Town Watch
37:15 Imperial Age
35:46 Chain Mail Armor
36:38 Guard Tower
37:26 Arson
38:26 Conscription
38:38 Hand Cart
38:25 Town Patrol
39:30 Chemistry
38:21 Treadmill Crane
40:25 Chain Barding Armor
41:05 Blast Furnace
40:39 Plate Mail Armor
40:24 Leather Archer Armor
41:32 Heavy Scorpion
43:17 Elite Woad Raider
47:01 Cavalier
47:42 Husbandry
53:59 Stronghold
MaurilioHadas
1:02 Loom
12:01 Feudal Age
13:36 Double-Bit Axe
18:58 Castle Age
17:24 Fishing Lines
20:14 Bow Saw
21:29 Gillnets
21:50 Town Watch
24:52 Stone Mining
24:52 Gold Mining
24:58 Horse Collar
27:14 Gold Shaft Mining
28:47 Town Patrol
29:32 Wheelbarrow
29:28 Caravan
29:42 Heavy Plow
32:08 Hand Cart
35:19 Imperial Age
36:42 Ballistics
36:03 Treadmill Crane
36:20 Murder Holes
37:47 Scale Mail Armor
38:17 Bombard Tower
38:08 Masonry
38:24 Conscription
38:05 Artillery
37:30 Elite Janissary
38:54 Hoardings
40:24 Fortified Wall
40:54 Architecture
51:06 Chain Mail Armor
Hadas
4:31 Loom
12:12 Feudal Age
13:13 Double-Bit Axe
19:44 Castle Age
18:53 Gold Mining
18:53 Stone Mining
21:05 Bow Saw
21:39 Gold Shaft Mining
25:59 Wheelbarrow
26:57 Hand Cart
29:58 Town Watch
33:11 Imperial Age
30:29 Town Watch
31:30 Forging
31:20 Scale Mail Armor
34:46 Iron Casting
34:26 Chain Mail Armor
34:20 Scale Barding Armor
33:53 Cavalier
34:34 Husbandry
34:41 Town Patrol
36:08 Caravan
35:47 Paladin
37:59 Chain Barding Armor
38:40 Blast Furnace
39:12 Conscription
38:58 Chivalry
40:18 Plate Barding Armor
Connection lost

Rejoining the realm…

Still unreachable

The connection could not be restored.

Session expired

The server has moved on; the page needs a fresh start.